AoeStats
← Tavik

Nomad

503492725Analyzed
2v2 RM · 1mo ago on Aug 31, 2026· 62m 24s· 4 players
Game mode
Random Map
Map size
176×176
Population
200
Speed
Normal
Resources
Standard
Victory
Conquest
Starting age
Dark Age
Ending age
Imperial Age
RankedLock teamsTeams togetherTeam positionsShared explorationLock speedFull tech treeHidden civsTurbo modeCheats
Victory
Defeat
🇦🇷 Maya · Argentina
1348
+16
🇦🇷 Portuguese · Argentina
1305
+18
🇨🇿 Mongols · Czechia
1374
-18
🇨🇿 Malians · Czechia
1327
-16
| CZK | Ashvini
4:07 Loom
12:56 Feudal Age
14:16 Double-Bit Axe
18:17 Castle Age
17:21 Wheelbarrow
17:57 Fletching
18:44 Padded Archer Armor
19:10 Bodkin Arrow
19:11 Crossbowman
23:19 Leather Archer Armor
25:11 Town Watch
28:38 Ballistics
41:47 Imperial Age
41:53 Thumb Ring
42:38 Bracer
42:35 Arbalester
45:33 Chemistry
48:07 Conscription
48:15 Masonry
53:42 Hoardings
55:01 Holcans
54:34 Scale Mail Armor
54:45 Forging
54:44 Eagle Warrior
55:10 Arson
55:25 Squires
55:42 Chain Mail Armor
56:37 Elite Eagle Warrior
59:25 Plate Mail Armor
59:41 Iron Casting
59:34 Horse Collar
| CZK | - GranAguila
9:37 Loom
10:24 Loom
12:30 Feudal Age
12:53 Loom
13:24 Double-Bit Axe
20:26 Fishing Lines
24:23 Fletching
24:58 Gold Mining
25:02 Stone Mining
26:57 Gold Mining
27:51 Stone Mining
30:05 Castle Age
30:04 Town Watch
32:00 Medium Warships
32:45 Bow Saw
32:16 Horse Collar
36:06 Imperial Age
34:30 Bodkin Arrow
35:45 Stone Shaft Mining
38:14 Wheelbarrow
38:57 Padded Archer Armor
40:24 Elite Skirmisher
44:20 Circumnavigation
47:46 Bracer
48:37 Leather Archer Armor
52:59 Scale Barding Armor
53:04 Forging
53:25 Ring Archer Armor
52:53 Gillnets
54:46 Husbandry
54:56 Bloodlines
55:09 Chain Barding Armor
55:24 Iron Casting
55:56 Chemistry
54:57 Pikeman
60:59 Cavalier
Melioth
4:55 Loom
14:14 Feudal Age
14:36 Fishing Lines
16:38 Stone Mining
16:41 Gold Mining
19:25 Castle Age
17:52 Double-Bit Axe
26:44 Bow Saw
29:33 Forging
29:23 Scale Mail Armor
30:23 Squires
30:46 Gillnets
32:28 Horse Collar
34:17 Iron Casting
38:05 Wheelbarrow
39:02 Heavy Plow
43:53 Imperial Age
42:03 Bloodlines
42:18 Scale Barding Armor
42:21 Husbandry
43:32 Hand Cart
45:28 Cavalier
49:15 Gold Shaft Mining
49:07 Chain Barding Armor
48:55 Farimba
50:16 Conscription
50:32 Plate Barding Armor
57:36 Chemistry
59:47 Light Cavalry
Tavik
3:48 Loom
4:02 Loom
12:14 Feudal Age
17:17 Castle Age
18:12 Fletching
19:17 Double-Bit Axe
24:17 Wheelbarrow
23:27 Town Watch
29:13 Ballistics
29:56 Bloodlines
31:26 Bodkin Arrow
32:38 Demolition Ship
39:19 Imperial Age
40:17 Thumb Ring
47:15 Drill
50:13 Onager
52:06 Siege Engineers
59:45 Elite Mangudai
60:53 Elite Mangudai
Connection lost

Rejoining the realm…

Still unreachable

The connection could not be restored.

Session expired

The server has moved on; the page needs a fresh start.